 Dungeon Crawl Stone Soup version 0.30.1-4-g462c640d31 (webtiles) character file.

Game seed: 3930090975854921912

19 kaesle the Chopper (level 2, 0/8 (25) HPs)
             Began as a Hill Orc Reaver on Sept 17, 2023.
             Frozen to death by an endoplasm (4 damage)
             ... on level 1 of the Dungeon.
             The game lasted 00:09:57 (686 turns).

kaesle the Chopper (Hill Orc Reaver)                 Turns: 686, Time: 00:09:58

HP:   0/8 (25)      AC:  6    Str: 14    XL:     2   Next: 75%
MP:   4/4           EV:  9    Int: 13    God:
Gold: 25            SH:  0    Dex:  9    Spells: 3/4 levels left

rFire   . . .        a - +0 hand axe
rCold   . . .        (no shield)
rNeg    . . .        j - +0 scale mail
rPois   .            (no helmet)
rElec   .            (no cloak)
rCorr   .            (no gloves)
SInv    .            (no boots)
Will    .....        (no amulet) Stlth
                     (no ring)
HPRegen 0.21/turn    (no ring)
MPRegen 0.09/turn

%: no passive effects
@: extremely drained
A: no striking features
a: no special abilities


You were on level 1 of the Dungeon.
You visited 1 branch of the dungeon, and saw 1 of its levels.

You collected 25 gold pieces.

Inventory:

Hand Weapons
 a - a +0 hand axe (weapon)
 d - a +0 club
 f - a +0 dagger
 g - a +0 whip
 h - a +0 short sword
Armour
 b - a +0 leather armour
 j - a +0 scale mail (worn)
Jewellery
 c - a +4 ring of protection
Scrolls
 k - a scroll of amnesia {unknown}
Potions
 e - 2 potions of flight {unknown}
 i - 2 potions of heal wounds {unknown}
 l - a potion of might {unknown}


   Skills:
 + Level 2.5 Fighting
 + Level 4.2 Axes
 + Level 1.6 Dodging
 + Level 1.9 Spellcasting
 + Level 3.3 Conjurations


You had 3 spell levels left.
You knew the following spells:

 Your Spells              Type           Power      Damage    Failure   Level
a - Kiss of Death         Conj/Necr      20%        2d7       52%         1

Your spell library contained the following spells:

 Spells                   Type           Power      Damage    Failure   Level
 Momentum Strike          Conj/Tloc      10%        3d8       65%         2
 Hailstorm                Conj/Ice       5%         3d4       87%         3


Dungeon Overview and Level Annotations

Branches:
Dungeon (1/15)

Altars:


Message History

You start removing your armour.
You continue taking off your +0 leather armour. x4
You finish taking off your +0 leather armour.
You start putting on your armour.
You continue putting on your +0 scale mail. x5
You finish putting on your +0 scale mail.
Okay, then.
k - a scroll labelled YZICYE DEMMI
There are no items here.
i - 2 smoky inky potions (gained 1)
A dart slug comes into view.
Aiming: Kiss of Death (safe; 52% risk of failure)
Press: ? - help, Q - select action Shift-Dir - straight line, f - dart slug
Aim: a dart slug (100% to hit)
The negative energy hits the dart slug!
The dart slug is drained!
You kill the dart slug!
You feel drained.
You see here a dart slug corpse.
Found 4 stones.
You see here 4 stones.
Found a stone staircase leading down.
Cleave: a) +0 hand axe
Press: ? - help, Dir - move target, f - you
Okay, then.
l - a pink potion
There are no items here.
An endoplasm comes into view.
The endoplasm quivers.
The endoplasm freezes you.
You are frozen.
You hit the endoplasm.
The endoplasm is severely wounded.
The endoplasm freezes you.
You are frozen.
You hit the endoplasm but do no damage.
The endoplasm is severely wounded.
The endoplasm freezes you.
You are frozen.
Ouch! That really hurt!
You die...

#####...# #.#.#.#
#.........###.#.#.###
##...................
#.............###.###
.#..#####.##.## #....
.... #.##.# ##.## .#.
#>##.# ##.##
#.######.##.####..##
#.#@................
#...J.#############.##
#.##..#...........#.#.
#.##..#.####.####.#.#.
#.#...#....#.#....#.#. #
#.#...####.#.#.####.##
#.##..........#.#.......[
#........######.#########
##......................


You could see an endoplasm.

Vanquished Creatures
  2 dart slugs (D:1)
  An endoplasm (D:1)
  3 goblins (D:1)
  2 quokkas (D:1)
  3 ball pythons (D:1)
  2 frilled lizards (D:1)
  A kobold (D:1)
  A rat (D:1)
15 creatures vanquished.

Notes
Turn   | Place    | Note
-------+----------+-------------------------------------------
     0 | D:1      | kaesle the Hill Orc Reaver began the quest for the Orb.
     0 | D:1      | Reached XP level 1. HP: 18/18 MP: 3/3
   207 | D:1      | Reached XP level 2. HP: 18/22 MP: 4/4
   686 | D:1      | Frozen to death by an endoplasm

Illustrated notes

Levels and vault maps discovered:
D:1:      lightli_arrival_statue_moat, layout_loops_ring, roderic_lattice_a

Action                     || total
---------------------------++-------
  Melee: Hand axe          ||    38
   Cast: Kiss of Death     ||     5
 Armour: Leather armour    ||    11
  Dodge: Dodged            ||    22
